 Dungeon Crawl Stone Soup version 0.30-a0-242-g7bf8e6d787 (console) character file.

Game seed: 11528812872380683425

772 petzl the Sneak (level 8, -1/53 (61) HPs)
             Began as a Formicid Hunter on Oct 11, 2022.
             Slain by a five-headed hydra (6 damage)
             ... on level 12 of the Dungeon.
             The game lasted 00:25:39 (5500 turns).

petzl the Sneak (Formicid Hunter)                   Turns: 5500, Time: 00:25:39

HP:   -1/53 (61)    AC:  4    Str: 15 (16) XL:     8   Next: 9%
MP:   14/14         EV: 13    Int: 10 (11) God:
Gold: 266           SH:  0    Dex: 17      Spells: 15/15 levels left

rFire   + . .      SeeInvis +    a - +0 shortbow
rCold   . . .      Faith    .    (no shield)
rNeg    . . .      Spirit   .    t - +2 robe {rF+}
rPois   .          Reflect  .    (helmet unavailable)
rElec   .          Harm     .    (no cloak)
rCorr   .          Rampage  .    (no gloves)
Will    .....                    (no boots)
Stlth   +++.......               g - amulet of the acrobat
HPRegen 0.28/turn                (no ring)
MPRegen 0.14/turn                (no ring)

@: heavily drained
A: permanent stasis, dig shafts and tunnels, antennae 3, four strong arms
a: Dig, Shaft Self


You were on level 12 of the Dungeon.
You visited 2 branches of the dungeon, and saw 13 of its levels.
You also visited: Sewer.

You collected 266 gold pieces.

Inventory:

Hand Weapons
 a - a +0 shortbow (weapon)
 b - a +1 short sword of holy wrath
 x - a +0 long sword
 z - a +0 trident
Missiles
 j - 8 poisoned darts
Armour
 q - a +0 leather armour of positive energy
 t - a +2 robe of fire resistance (worn)
 v - an orb of light
Magical Staves
 k - a staff of air
Jewellery
 g - an amulet of the acrobat (around neck)
 y - a ring of ice
 A - a ring of willpower
Scrolls
 e - 3 scrolls of enchant armour
 l - a scroll of vulnerability
 m - 2 scrolls of poison
 p - 2 scrolls of immolation
 s - a scroll of enchant weapon {unknown}
 w - a scroll of fog {unknown}
Potions
 c - a potion of invisibility {unknown}
 d - a potion of cancellation {unknown}
 f - a potion of heal wounds {unknown}
 h - a potion of curing {unknown}
 i - a potion of brilliance {unknown}
 n - a potion of ambrosia {unknown}
 o - a potion of might {unknown}
 r - a potion of resistance {unknown}
 u - a potion of lignification {unknown}
 B - a potion of magic {unknown}


   Skills:
 + Level 4.4 Fighting
 - Level 4.1 Ranged Weapons
 + Level 3.3 Armour
 + Level 3.5 Dodging
 + Level 4.5 Stealth
 * Level 4.4 Spellcasting


You had 15 spell levels left.
You didn't know any spells.
Your spell library was empty.

Dungeon Overview and Level Annotations

Branches:
Dungeon (13/15)            Temple (1/1) D:5           Sewer (visited)
   Lair: D:8-11         Orc: D:9-12      Vaults: D:13-14

Altars:
Ashenzari
Cheibriados
Dithmenos
Elyvilon
Fedhas
Gozag
Okawaru
Qazlal
Ru
Sif Muna
Trog
Uskayaw
Xom
Yredelemnul
Zin
The Shining One

Shops:
D:1 =   D:2 =

Annotations:
D:3 exclusion: downstairs
D:4 exclusion: downstairs
D:5 exclusion: downstairs
D:6 exclusion: downstairs
D:9 exclusion: upstairs
D:10 exclusion: shadow
D:12 3 runed translucent doors, Iich's ghost, journeyman MiBe


Innate Abilities, Weirdness & Mutations

You cannot be hasted, slowed, berserked, paralysed or teleported.
You can dig through walls and to a lower floor.
You have a pair of large antennae on your head. (SInv)
Your four strong arms can wield two-handed weapons with a shield.


Message History

The five-headed hydra bites you but does no damage.
The five-headed hydra completely misses you.
The five-headed hydra closely misses you.
The five-headed hydra misses you.
The five-headed hydra closely misses you.
The five-headed hydra attacks as you move away!
The five-headed hydra bites you!
The five-headed hydra barely misses you. x2
The five-headed hydra closely misses you.
The five-headed hydra misses you.
There is a stone staircase leading up here.
The five-headed hydra bites you!
The five-headed hydra barely misses you.
The five-headed hydra bites you but does no damage.
The five-headed hydra closely misses you.
The five-headed hydra bites you!
You climb upwards.
Level annotation: 3 runed translucent doors, Iich's ghost, journeyman MiBe
There is a stone staircase leading down here.
You extend your mandibles.
You dig through the rock wall.
You feel drained.
The five-headed hydra attacks as you move away!
The five-headed hydra misses you.
The five-headed hydra completely misses you.
The five-headed hydra bites you!
* * * LOW HITPOINT WARNING * * *
The five-headed hydra closely misses you.
The five-headed hydra bites you but does no damage.
Unknown command.
Are you sure you want to shaft yourself?
The five-headed hydra bites you but does no damage.
The five-headed hydra closely misses you.
The five-headed hydra barely misses you.
The five-headed hydra bites you.
* * * LOW HITPOINT WARNING * * *
The five-headed hydra bites you.
* * * LOW HITPOINT WARNING * * *
You begin to dig a shaft.
You continue digging a shaft.
The five-headed hydra bites you.
You die...

{ { # .o.
.....W.
####.#8N.o8
#..#coQmo..
#..####+++#
#..........
#..........
#.........#
#.........#
+.........#
#.........#
##D........#
#@#####+####
###


You could see a five-headed hydra.

Vanquished Creatures
  An ice beast (D:7)
  A centaur (D:6)
  A phantom (D:5)
  2 necrophages
  4 hounds
  2 jellies
  3 iguanas
  3 adders (D:3)
  3 gnolls (D:3)
  A white imp (D:7)
  An ufetubus (D:6)
  3 worms
  4 dart slugs
  4 orcs
  6 ball pythons
  11 bats
  5 endoplasms
  5 giant cockroaches
  3 goblins
  2 hobgoblins
  5 kobolds
  7 quokkas
  3 frilled lizards
  3 rats
83 creatures vanquished.

Notes
Turn   | Place    | Note
-------+----------+-------------------------------------------
     0 | D:1      | petzl the Formicid Hunter began the quest for the Orb.
     0 | D:1      | Reached XP level 1. HP: 16/16 MP: 1/1
   132 | D:1      | Reached XP level 2. HP: 23/23 MP: 2/2
   225 | D:1      | Found Fuixzaix's Jewellery Boutique.
   404 | D:1      | Reached XP level 3. HP: 17/28 MP: 3/3
   963 | D:2      | Found Xirhuix's Jewellery Emporium.
  1577 | D:3      | Reached skill level 1 in Spellcasting
  1604 | D:3      | Reached XP level 4. HP: 34/34 MP: 5/5
  1625 | D:3      | Found a glowing drain.
  1640 | D:3      | Reached skill level 1 in Armour
  1742 | D:2      | You fall into a shaft and drop 1 floor!
  1919 | Sewer    | Entered a sewer
  1959 | Sewer    | Noticed a water moccasin
  2117 | D:3      | Found a basalt altar of Yredelemnul.
  2118 | D:3      | Found a bloodstained altar of Trog.
  2334 | D:3      | You fall into a shaft and drop 1 floor!
  2431 | D:4      | Reached XP level 5. HP: 41/41 MP: 7/7
  2572 | D:3      | Found a faded altar of an unknown god.
  2700 | D:3      | Found an opulent altar of Gozag.
  3013 | D:4      | Noticed an orc warrior
  3047 | D:3      | Upgraded the game from 0.30-a0-241-g1121274140 to
                  | 0.30-a0-242-g7bf8e6d787
  3132 | D:5      | Entered Level 5 of the Dungeon
  3146 | D:5      | Reached XP level 6. HP: 46/47 MP: 9/9
  3179 | D:5      | Noticed an ice beast
  3309 | D:5      | Noticed a steam dragon
  3776 | D:5      | Noticed a water moccasin
  3818 | D:3      | You fall into a shaft and drop 3 floors!
  3926 | D:6      | Noticed a steam dragon
  3932 | D:5      | Found a sacrificial altar of Ru.
  3999 | D:5      | Found a staircase to the Ecumenical Temple.
  4005 | Temple   | Entered the Ecumenical Temple
  4227 | D:5      | Reached XP level 7. HP: 35/53 MP: 10/12
  4913 | D:7      | Reached XP level 8. HP: 39/61 MP: 14/14
  5031 | D:7      | You fall into a shaft and drop 2 floors!
  5168 | D:10     | Entered Level 10 of the Dungeon
  5176 | D:10     | Noticed a shadow
  5240 | D:9      | You fall into a shaft and drop 3 floors!
  5443 | D:12     | Found a runed translucent gate.
  5443 | D:12     | Found a runed translucent gate.
  5444 | D:12     | Noticed a tengu warrior
  5444 | D:12     | Noticed an orc knight
  5444 | D:12     | Noticed a centaur warrior
  5445 | D:12     | Found a runed translucent gate.
  5445 | D:12     | Noticed a naga warrior
  5445 | D:12     | Noticed an orc knight
  5445 | D:12     | Noticed Iich's ghost (journeyman MiBe)
  5446 | D:12     | Noticed a merfolk javelineer
  5453 | D:13     | Noticed a five-headed hydra
  5500 | D:12     | Slain by a five-headed hydra

Illustrated notes

Levels and vault maps discovered:
D:1:      dpeg_arrival_round_a, layout_loops_ring, serial_shops,
          nicolae_shop_stone, patterned_corridor
D:2:      layout_loops_cross, serial_shops, shop_fountains
D:3:      layout_rooms, lemuel_doored_altar, gammafunk_temple_overflow_statue,
          hellmonk_ecumenical_altar_inner_sanctum, cheibrodos_sewer_entry_drain
D:4:      layout_basic, nicolae_kite_square_tiling_tiny, moated_statue,
          minmay_misc_feat_secret_circle
D:5:      minmay_evil_eye, layout_cave_pods, nicolae_overflow_hidden_temple,
          minmay_temple_entry_tees
D:6:      layout_basic, tgw_kikubaaqudgha, vehumet_altar_wand_db,
          nicolae_lava_and_water, uniq_prince_ribbit1
D:7:      layout_cave_pods, minmay_misc_feat_rugged
D:8:      layout_loops_ring, jmf_multi_god_temple, erik_lair_orcish_takeover,
          grunt_ministairs_8, minmay_strange_pillars
D:9:      layout_loops_corners, nicolae_hepliaklqana_hippocampus,
          nzn_wu_jian_contemplation, gammafunk_ghost_wrathful_warriors
D:10:     layout_gridville, serial_shops, shop, minmay_diced_spiral
D:12:     layout_roguey, gammafunk_ghost_fury_of_okawaru, uniq_azrael
D:13:     layout_basic, chequers_avenue
Temple:   hellmonk_temple_two_chambers

Skill      XL: |  1  2  3  4  5  6  7 |
---------------+----------------------+-----
Dodging        | 2 3 |  3.5
Stealth        | 2 3 4 |  4.5
Spellcasting   | 1 2 3 4 |  4.4
Armour         | 1 2 3 |  3.3
Fighting       | 3 4 |  4.4
Ranged Weapons | |  4.1

Action                   |  1- 3 |  4- 6 |  7- 9 || total
-------------------------+-------+-------+-------++-------
Melee: Short sword       |       |     5 |       ||     5
 Fire: Shortbow          |    81 |   202 |    71 ||   354
Throw: Dart              |       |       |     2 ||     2
 Abil: Dig               |     1 |     5 |     3 ||     9
       Shaft Self        |       |     3 |     3 ||     6
  Use: Scroll            |       |     4 |     1 ||     5
       Potion            |       |     1 |       ||     1
Armor: Leather armour    |    13 |    14 |       ||    27
       Robe              |       |    18 |    11 ||    29
Dodge: Dodged            |    26 |   132 |    68 ||   226

Table legend: (Time is in decaauts)
 A = Elapsed time spent in this place.
 B = Non-inter-level travel time spent in this place.
 C = Inter-level travel time spent in this place.
 D = Time resting spent in this place.
 E = Time spent auto-exploring this place.
 F = Levels seen in this place.
 G = Mean time per level.
                   A        B        C        D        E       F      G
               +--------+--------+--------+--------+--------+-----+--------+
         Total |   5616 |   5218 |    398 |   1144 |   2200 |  14 |  401.1 |
       Dungeon |   5534 |   5136 |    398 |   1144 |   2190 |  12 |  461.2 |
        Temple |     17 |     17 |      0 |      0 |     10 |   1 |   17.0 |
         Sewer |     63 |     63 |      0 |      0 |      0 |   1 |   63.0 |
               +--------+--------+--------+--------+--------+-----+--------+

Top non-repeatable levels by time:
     D:3: 1081 daAuts
     D:4: 967 daAuts
     D:1: 905 daAuts
     D:5: 731 daAuts
     D:2: 660 daAuts
     D:6: 429 daAuts
     D:7: 285 daAuts
    D:12: 214 daAuts
     D:9: 180 daAuts
   Sewer: 63 daAuts
    D:13: 45 daAuts
    D:10: 24 daAuts
  Temple: 17 daAuts
     D:8: 7 daAuts
